 Dungeon Crawl Stone Soup version 0.18-a0-1287-g2b21fa6 (webtiles) character file.

255 Svalin the Conjurer (level 5, 0/28 HPs)
             Began as a Deep Elf Conjurer on Feb 8, 2016.
             Slain by an orc
             ... wielding a +0 falchion
              (3 damage)
             ... on level 4 of the Dungeon.
             The game lasted 00:14:03 (4752 turns).

Svalin the Conjurer (Deep Elf Conjurer)             Turns: 4752, Time: 00:14:04

Health: 0/28       AC:  4    Str:  5    XL:     5   Next: 91%
Magic:  14/14      EV:  9    Int: 25    God:
Gold:   172        SH:  0    Dex: 15    Spells: 4 memorised, 4 levels left

rFire  . . .     SeeInvis .     d - +3 short sword (holy)
rCold  . . .     Gourm    .     a - +0 robe
rNeg   . . .     Faith    .     (no shield)
rPois  .         Spirit   .     h - +0 helmet
rElec  .         Dismiss  .     (no cloak)
rCorr  .         Reflect  .     (no gloves)
SustAt .         Harm     .     B - +0 pair of boots
MR     .....                    (no amulet)
Stlth  ++........               (no ring)
                                g - +4 ring of intelligence

@: not resistant to hostile enchantments, unstealthy
A: no striking features
a: no special abilities


You were on level 4 of the Dungeon.
You were not hungry.

You visited 1 branch of the dungeon, and saw 4 of its levels.

You collected 172 gold pieces.

Inventory:

Hand Weapons
 d - a +3 short sword of holy wrath (weapon)
 q - a +1 hunting sling of flaming
Missiles
 u - 14 sling bullets
 v - 116 stones (quivered)
 x - 12 sling bullets of flame
Armour
 a - a +0 robe (worn)
 h - a +0 helmet (worn)
 B - a +0 pair of boots (worn)
Jewellery
 g - a +4 ring of intelligence (left hand)
Wands
 k - a wand of digging (9/24)
Scrolls
 e - a scroll of magic mapping
 o - 3 scrolls of identify
 s - a scroll of remove curse
 y - 4 scrolls of teleportation
 z - a scroll of noise {unknown}
 A - a scroll of fear
Potions
 i - a potion of curing
 j - a potion of might {unknown}
 m - 2 potions of flight {unknown}
 p - a potion of berserk rage
 t - a potion of agility {unknown}
 w - a potion of brilliance {unknown}
Books
 b - a book of Conjurations

   Spells                             Type                      Level
   a - Magic Dart                     Conjuration                  1
   b - Searing Ray                    Conjuration                  2
   c - Dazzling Spray                 Conjuration/Hexes            3
   d - Fulminant Prism                Conjuration/Hexes            4
   e - Iskenderun's Mystic Blast      Conjuration                  4
   f - Iskenderun's Battlesphere      Conjuration/Charms           5
Comestibles
 c - 4 bread rations
 f - 3 meat rations
 l - 3 beef jerkies


   Skills:
 - Level 0.6 Short Blades
 * Level 4.7 Dodging
 - Level 2.4 Stealth
 + Level 5.1 Spellcasting
 + Level 5.4 Conjurations
 + Level 2.2 Hexes


You had 4 spell levels left.
You knew the following spells:

 Your Spells              Type           Power        Failure   Level  Hunger
a - Magic Dart            Conj           ####         1%          1    None
b - Searing Ray           Conj           ####..       1%          2    None
c - Dazzling Spray        Conj/Hex       ####....     6%          3    ##.....
d - Fulminant Prism       Conj/Hex       ####......   17%         4    ####...


Dungeon Overview and Level Annotations

Branches:
Dungeon (4/15)
 Temple: D:4-7

Altars:
Cheibriados
Kikubaaqudgha
Makhleb
Yredelemnul
Zin

Annotations:
D:4 gg19's ghost, amateur DrGl


Message History

Okay, then.
You start resting.
HP restored.
You start waiting.
Done waiting.
Drink which item? (? for menu, Esc to quit)
Okay, then.
Drink which item? (? for menu, Esc to quit)
Okay, then.
You climb downwards.
Level annotation: gg19's ghost, amateur DrGl An orc comes into view.
It is wielding a mace.
The iguana completely misses you. The orc hits you with a falchion.
The orc priest barely misses you. The iguana bites you!
There is a stone staircase leading up, spattered with blood here.
The orc priest mumbles some strange prayers to Beogh against you.
Something smites you!
* * * LOW HITPOINT WARNING * * *
The orc hits you with a falchion.
You die...

#.).. #....
+.... #....
#####
#....##....##
#...........+
#..


You could see an iguana, 2 orc priests and 2 orcs.

Vanquished Creatures
  An orc wizard (D:3)
  Natasha (thrice) (D:2)
  A worker ant (D:3)
  5 adders
  An ooze (D:3)
  A worm (D:3)
  A giant gecko (D:1)
  4 orcs (D:3)
  A ball python (D:2)
  4 bats
  2 giant cockroaches
  2 gnoll zombies (D:2)
  13 goblins
  11 hobgoblins
  2 jackals (D:2)
  8 kobolds
  3 quokkas
  A giant newt (D:1)
  7 rats
71 creatures vanquished.

Vanquished Creatures (others)
  A fulminant prism (D:4)
1 creature vanquished.

Grand Total: 72 creatures vanquished

Notes
Turn   | Place    | Note
--------------------------------------------------------------
     0 | D:1      | Svalin the Deep Elf Conjurer began the quest for the Orb.
     0 | D:1      | Reached XP level 1. HP: 10/10 MP: 6/6
   238 | D:1      | Reached XP level 2. HP: 12/15 MP: 2/8
   426 | D:1      | Learned a level 2 spell: Searing Ray
   752 | D:1      | Reached XP level 3. HP: 19/19 MP: 8/10
  1053 | D:1      | Learned a level 3 spell: Dazzling Spray
  1332 | D:2      | Noticed Natasha
  1337 | D:2      | Killed Natasha
  1337 | D:2      | Reached skill level 1 in Hexes
  1337 | D:2      | Reached XP level 4. HP: 24/24 MP: 7/12
  1385 | D:2      | Learned a level 4 spell: Fulminant Prism
  1819 | D:2      | Reached skill level 5 in Conjurations
  2081 | D:2      | Noticed Natasha
  2091 | D:2      | Killed Natasha
  2246 | D:2      | Noticed Natasha
  2252 | D:2      | Killed Natasha
  2252 | D:2      | Reached XP level 5. HP: 28/28 MP: 7/14
  2356 | D:2      | Found a basalt altar of Yredelemnul.
  2796 | D:3      | Found a faded altar to an unknown god.
  2953 | D:3      | Found an ancient bone altar of Kikubaaqudgha.
  3047 | D:3      | Found a snail-covered altar of Cheibriados.
  3230 | D:3      | Reached skill level 5 in Spellcasting
  3443 | D:3      | Found a glowing silver altar of Zin.
  3456 | D:3      | Found a burning altar of Makhleb.
  4168 | D:4      | Noticed gg19's ghost (amateur DrGl)
  4752 | D:4      | Slain by an orc

Vault maps used:
D:1:      dpeg_arrival_rooms_with_view
D:2:      lemuel_zombie_altar_yredelemnul, hex_tiny, uniq_natasha
D:3:      nicolae_overflow_quartered_altars, first_bread, ecumenical_altar_1
D:4:      minmay_temple_entry_nine_rooms, uniq_purgy, uniq_robin

Action                   |  1- 3 |  4- 6 || total
-------------------------+-------+-------++-------
Melee: Short sword       |     1 |    27 ||    28
 Cast: Magic Dart        |    45 |    98 ||   143
       Dazzling Spray    |       |     3 ||     3
       Fulminant Prism   |       |     1 ||     1
  Use: Scroll            |     6 |     5 ||    11
       Potion            |       |     1 ||     1
  Eat: Chunk             |       |    10 ||    10
       Fruit             |       |     2 ||     2
